 Dungeon Crawl Stone Soup version 0.21-a0-351-g38363bb (webtiles) character file.

729 xomor the Slasher (level 8, 0/63 HPs)
             Began as a Human Chaos Knight on Oct 9, 2017.
             Slain by a crimson imp (1 damage)
             ... on level 5 of the Dungeon.
             The game lasted 00:13:42 (3606 turns).

xomor the Slasher (Human Chaos Knight)              Turns: 3606, Time: 00:13:43

Health: 0/63       AC: 17    Str: 20      XL:     8   Next: 3%
Magic:  8/8        EV: 11    Int: 11 (12) God:    Xom [.*....]
Gold:   295        SH:  0    Dex: 11      Spells: 7/7 levels left

rFire    . . .     SeeInvis .   t - +1 falchion (protect)
rCold    . . .     Gourm    .   (no shield)
rNeg     + . .     Faith    .   i - +2 leather armour {rPois}
rPois    +         Spirit   .   s - +2 helmet "Xiet" {rElec rN+ MR-}
rElec    +         Reflect  .   (no cloak)
rCorr    .         Harm     .   (no gloves)
MR       .....                  (no boots)
Stlth    +.........             (no amulet)
HPRegen  0.20/turn              (no ring)
MPRegen  0.11/turn              (no ring)

@: mighty, protection aura
A: talons 1, icy blue scales 1, clumsy 1, deterioration 1, poison resistance
a: Renounce Religion


You were on level 5 of the Dungeon.
You worshipped Xom.
You were a plaything of Xom.
You were not hungry.

You visited 1 branch of the dungeon, and saw 5 of its levels.

You collected 328 gold pieces.
You spent 33 gold pieces at shops.

Inventory:

Hand Weapons
 k - a +0 mace
 t - a +1 falchion of protection (weapon)
Missiles
 f - 2 tomahawks (quivered)
Armour
 b - a +2 leather armour
 d - a +0 chain mail
 i - a +2 leather armour of poison resistance (worn)
 s - the +2 helmet "Xiet" (worn) {rElec rN+ MR-}
   (Xom gifted it to you on level 4 of the Dungeon)

   It insulates you from electricity.
   It protects you from negative energy.
   It affects your resistance to hostile enchantments.
 x - a +1 ring mail of magic resistance
 y - a +0 buckler
Scrolls
 a - a scroll of remove curse
 e - a scroll of fog {unknown}
 l - 3 scrolls of amnesia
 p - a scroll of immolation {unknown}
 u - 2 scrolls of enchant armour {unknown}
 w - 2 scrolls of teleportation {unknown}
Potions
 c - a potion of brilliance {unknown}
 g - a potion of invisibility {unknown}
 h - a potion of agility {unknown}
 j - 4 potions of curing
 m - a potion of mutation {unknown}
 q - a potion of flight {unknown}
 r - a potion of degeneration {unknown}
Miscellaneous
 A - a lamp of fire (inert)
Comestibles
 o - a meat ration
 v - 4 fruits
 z - 2 royal jellies


   Skills:
 * Level 5.4 Fighting
 + Level 7.5 Long Blades
 - Level 2.0 Armour
 - Level 1.0 Dodging


You had 7 spell levels left.
You didn't know any spells.

Dungeon Overview and Level Annotations

Branches:
Dungeon (5/15)
 Temple: D:4-7

Altars:
Gozag
Kikubaaqudgha
Makhleb
Wu Jian
Xom

Shops:
D:4 %!:=

Annotations:
D:4 Edirash's ghost, amateur GrEE


Innate Abilities, Weirdness & Mutations

You have sharp toenails.
You are partially covered in icy blue scales. (AC +2)
You are clumsy. (Dex -2)
Your body sometimes deteriorates upon taking damage.
Your system is resistant to poisons. (rPois)


Message History

You kill the orc!
The crimson imp blinks!
The orc warrior hits you but does no damage.
Things that are here:
a club; a howler monkey corpse You slash the orc!
You kill the orc!
The orc warrior hits you with a trident!!
* * * LOW HITPOINT WARNING * * *
You slash the orc warrior! You claw the orc warrior.
The orc warrior is almost dead.
The orc warrior barely misses you.
The crimson imp shouts, "Get thee gone, thou reeling-ripe weeb-spouting ratsbane!"
Okay, then.
You hit the orc warrior. Your kick misses the orc warrior.
The orc warrior is almost dead.
The orc warrior hits you with a trident!
* * * LOW HITPOINT WARNING * * *
The crimson imp hits you.
You die...

#..# #..# #..#
#..# #..# # #.^#
#####.### #..#
#.....$..
#..#######.....#
#.......@5(....#
##.#...##o....##
#...#.##.....#
###...###....#
##.## #.....#
#.# #.....# #.#
#....... #.#
#####.## ...


You could see an orc warrior and a crimson imp.

Vanquished Creatures
  3 ice beasts (D:5)
  A scorpion (D:4)
  A howler monkey (D:5)
  2 crimson imps (D:5)
  A centaur zombie (D:5)
  A hound (D:3)
  A bullfrog skeleton (D:5)
  An orc wizard (D:5)
  An orc priest (D:5)
  3 gnolls (D:5)
  A howler monkey skeleton (D:5)
  3 adders
  A worm (D:4)
  2 dart slugs (D:1)
  4 leopard geckos
  15 orcs
  5 bats
  5 giant cockroaches
  5 goblins (D:1)
  3 hobgoblins
  6 jackals
  4 frilled lizards
  3 kobolds
  A quokka skeleton (D:5)
  6 rats
79 creatures vanquished.

Vanquished Creatures (collateral kills)
  Jessica (D:3)
1 creature vanquished.

Grand Total: 80 creatures vanquished

Notes
Turn   | Place    | Note
-------+----------+-------------------------------------------
     0 | D:1      | xomor the Human Chaos Knight began the quest for the Orb.
     0 | D:1      | Reached XP level 1. HP: 18/18 MP: 1/1
    69 | D:1      | Reached XP level 2. HP: 22/24 MP: 2/2
   320 | D:1      | Reached skill level 4 in Long Blades
   320 | D:1      | Reached XP level 3. HP: 29/29 MP: 3/3
   825 | D:3      | XOM: harmless Summ miscast
   980 | D:2      | Reached XP level 4. HP: 35/35 MP: 4/4
   994 | D:2      | XOM: give mutation
   994 | D:2      | Gained mutation: Your body sometimes deteriorates upon taking damage. [Xom's mischief]
  1239 | D:3      | XOM: noise
  1400 | D:2      | XOM: give mutations
  1400 | D:2      | Gained mutation: You are clumsy. (Dex -2) [Xom's mischief]
  1400 | D:2      | Gained mutation: Your system is resistant to poisons. (rPois) [Xom's mischief]
  1400 | D:2      | Gained mutation: You have sharp toenails. [Xom's mischief]
  1400 | D:2      | Gained mutation: You are partially covered in icy blue scales. (AC +2) [Xom's mischief]
  1539 | D:3      | XOM: medium Hex miscast
  1600 | D:3      | Found an opulent altar of Gozag.
  1605 | D:3      | Reached skill level 5 in Long Blades
  1610 | D:3      | Found a shimmering altar of Xom.
  1616 | D:3      | Found an ornate altar of the Wu Jian Council.
  1625 | D:3      | Found an ancient bone altar of Kikubaaqudgha.
  1693 | D:3      | XOM is BORED!
  1693 | D:3      | XOM: give mutations
  1693 | D:3      | Gained mutation: Your body often deteriorates upon taking damage. [Xom's mischief]
  1693 | D:3      | Lost mutation: Your body often deteriorates upon taking damage. [Xom's mischief]
  1795 | D:3      | Noticed Jessica
  1799 | D:3      | XOM: summons friendly shadow imp
  1801 | D:3      | Killed Jessica
  1801 | D:3      | Reached XP level 5. HP: 35/41 MP: 5/5
  1891 | D:3      | Found a faded altar of an unknown god.
  1957 | D:3      | XOM: polymorph shadow imp -> crimson imp
  2114 | D:3      | Found a burning altar of Makhleb.
  2264 | D:4      | Found Allingaps's Food Boutique.
  2276 | D:4      | Reached XP level 6. HP: 37/48 MP: 6/6
  2291 | D:4      | Found Bynicym's Distillery.
  2296 | D:4      | Found Har Seid's Jewellery Emporium.
  2303 | D:4      | Found Upitzax's Book Shop.
  2351 | D:4      | Bought a potion of curing for 33 gold pieces
  2359 | D:4      | Noticed Edirash's ghost (amateur GrEE)
  2364 | D:4      | XOM: confuse monster(s)
  2442 | D:4      | XOM: swap monsters
  2443 | D:4      | XOM: enchant monster (good)
  2448 | D:4      | XOM: god gift: steaming helmet {god gift}
  2453 | D:4      | Got a steaming helmet {god gift}
  2486 | D:3      | Identified the +2 helmet "Xiet" {rElec rN+ MR-} (Xom gifted it to you on level 4 of the Dungeon)
  2532 | D:5      | Entered Level 5 of the Dungeon
  2532 | D:5      | Noticed an ice beast
  2614 | D:5      | Noticed an ice beast
  2619 | D:5      | XOM: 1-stop teleportation journey
  2630 | D:5      | Reached skill level 6 in Long Blades
  2720 | D:5      | XOM: god gift: lamp of fire
  2774 | D:5      | Killed an ice beast
  2774 | D:5      | XOM: confuse monster(s)
  2782 | D:5      | Reached XP level 7. HP: 28/55 MP: 7/7
  3342 | D:5      | Reached skill level 7 in Long Blades
  3477 | D:5      | XOM: cloud trail
  3519 | D:5      | Reached skill level 5 in Fighting
  3601 | D:5      | Reached XP level 8. HP: 29/63 MP: 8/8
  3606 | D:5      | HP: 1/63 [orc warrior/trident (10)]
  3606 | D:5      | Slain by a crimson imp

Vault maps used:
D:1:      matt_arrival_refuge
D:2:      first_bread
D:3:      makhleb_blood_cavern_becter, minitemple,
          chequers_ecumenical_altar_twisty, uniq_jessica
D:4:      serial_shops, shop, shop_coins, shop, nicolae_shop_trees,
          nicolae_shop_waterfront
D:5:      gammafunk_temple_overflow_statue

Skill      XL: |  1  2  3  4  5  6  7 |
---------------+----------------------+-----
Long Blades    | 4 5 6 7 |  7.5
Fighting       | 4 5 |  5.4
Armour         | |  2.0
Dodging        | |  1.0

Action                   |  1- 3 |  4- 6 |  7- 9 || total
-------------------------+-------+-------+-------++-------
Melee: Falchion          |    85 |   109 |    56 ||   250
       Kick              |       |    14 |    14 ||    28
Throw: Tomahawk          |       |       |     1 ||     1
Evoke: Lamp of fire      |       |       |     1 ||     1
  Use: Scroll            |       |     4 |       ||     4
       Potion            |       |     3 |     2 ||     5
 Stab: Paralysed         |     3 |       |       ||     3
  Eat: Bread ration      |       |     2 |       ||     2
       Royal jelly       |       |     1 |       ||     1
       Fruit             |       |     1 |       ||     1
Armor: Leather armour    |    53 |    41 |    32 ||   126
Dodge: Dodged            |    74 |    64 |    33 ||   171
       Rpst.: Falchion   |    19 |    28 |     6 ||    53

Table legend:
 A = Spawn XP
 B = Non-spawn XP
 C = Spawn XP percentage of total XP
 D = Spawn monster count
 E = Non-spawn monster count
 F = Spawn count percentage of total count
 G = Total turns spent on level
                    A         B        C        D         E        F      G
               +---------+---------+-------+---------+---------+-------+---------
         Total |       0 |    1042 |   0.0 |       0 |      80 |   0.0 |  3606
               +---------+---------+-------+---------+---------+-------+---------
           D:1 |       0 |      44 |   0.0 |       0 |      26 |   0.0 |   673
           D:2 |       0 |      31 |   0.0 |       0 |       5 |   0.0 |   640
           D:3 |       0 |     138 |   0.0 |       0 |      23 |   0.0 |   965
           D:4 |       0 |      84 |   0.0 |       0 |       4 |   0.0 |   329
           D:5 |       0 |     745 |   0.0 |       0 |      22 |   0.0 |   999
               +---------+---------+-------+---------+---------+-------+---------
